 Dungeon Crawl Stone Soup version 0.31-a0-460-g9e667d4245 (webtiles) character file.

Game seed: 1824656914295268322

74 Dittersdorf the Shield-Bearer (level 4, -6/29 HPs)
             Began as a Gargoyle Fighter on Aug 4, 2023.
             Mangled by an orc
             ... wielding a +3 morningstar
              (8 damage)
             ... on level 3 of the Dungeon.
             The game lasted 00:02:13 (1400 turns).

Dittersdorf the Shield-Bearer (Gargoyle Fighter)    Turns: 1400, Time: 00:02:14

Health: -6/29      AC: 10    Str: 21    XL:     4   Next: 30%
Magic:  4/4        EV: 14    Int:  9    God:
Gold:   88         SH:  4    Dex:  9    Spells: 3/3 levels left

rFire   . . .        a - +0 flail
rCold   . . .        c - +0 buckler
rNeg    + . .        b - +0 scale mail
rPois   ∞            (no helmet)
rElec   +            (no cloak)
rCorr   .            (no gloves)
SInv    .            (no boots)
Will    .....        (no amulet) Stlth
                     n - +5 ring of evasion
HPRegen 0.24/turn    (no ring)
MPRegen 0.09/turn

%: no passive effects
@: no status effects
A: sickness immunity, AC +3, negative energy resistance 1, electricity
resistance, torment resistance 1, petrification resistance
a: no special abilities


You were on level 3 of the Dungeon.
You visited 1 branch of the dungeon, and saw 3 of its levels.

You collected 88 gold pieces.

Inventory:

Hand Weapons
 a - a +0 flail (weapon)
Armour
 b - a +0 scale mail (worn)
 c - a +0 buckler (worn)
Jewellery
 l - a ring of ice
 n - a +5 ring of evasion (left hand)
Scrolls
 e - 2 scrolls of enchant weapon {unknown}
 g - a scroll of identify {unknown}
Potions
 d - a potion of might
 f - 2 potions of attraction {unknown}
 h - a potion of brilliance {unknown}
 i - a potion of ambrosia {unknown}
 j - a potion of curing {unknown}
 k - 2 potions of lignification {unknown}
 m - a potion of magic {unknown}


   Skills:
 + Level 3.8 Fighting
 + Level 2.7 Maces & Flails
 + Level 4.0 Armour
 + Level 4.0 Shields


You had 3 spell levels left.
You didn't know any spells.
Your spell library contained the following spells:

 Spells                   Type           Power      Damage    Failure   Level
 Ensorcelled Hibernation  Hex/Ice        0%         N/A       89%         2
 Passwall                 Tmut/Erth      0%         N/A       89%         2
 Wereblood                Tmut           0%         N/A       89%         2
 Swiftness                Air            0%         N/A       98%         3
 Summon Hydra             Summ           0%         N/A       100%        7
 Sublimation of Blood     Necr           Unusable   N/A       N/A         2

Dungeon Overview and Level Annotations

Branches:
Dungeon (3/15)

Altars:

Shops:
D:1 [


Innate Abilities, Weirdness & Mutations

You are immune to sickness and miasma.
Your stone body is resilient. (AC +3)
You are immune to poison.
You resist negative energy. (rN+)
You are resistant to electric shocks. (rElec)
You are resistant to unholy torment.
You are immune to petrification.


Message History

You are too injured to fight recklessly!
You are too injured to fight recklessly!
You are too injured to fight recklessly!
You are too injured to fight recklessly!
You are too injured to fight recklessly!
You are too injured to fight recklessly!
You are too injured to fight recklessly!
You are too injured to fight recklessly!
You see here a scroll labelled TENEBI JYPISU.
The quokka attacks as you move away! The quokka barely misses you.
The quokka misses you. The quokka attacks as you move away!
The quokka completely misses you. The quokka attacks as you move away!
You block the quokka's attack.
You closely miss the quokka. The quokka closely misses you.
You block the quokka's attack.
You hit the quokka.
The quokka is moderately wounded.
The quokka closely misses you. The quokka bites you.
You hit the quokka but do no damage.
The quokka is moderately wounded.
You block the quokka's attack. The giant cockroach closely misses you.
You barely miss the quokka.
The quokka is moderately wounded.
You block the quokka's attack. The giant cockroach closely misses you.
The quokka bites you but does no damage.
The giant cockroach misses you.
You closely miss the quokka.
The quokka is moderately wounded.
You block the quokka's attack. The giant cockroach barely misses you.
The quokka misses you.
You sock the quokka!
You kill the quokka!
The giant cockroach bites you but does no damage.
The giant cockroach closely misses you. The orc attacks as you move away!
The orc hits you with a +3 morningstar. The orc attacks as you move away!
The orc hits you but does no damage. The orc hits you with a +3 morningstar!
* * * LOW HITPOINT WARNING * * *
The orc attacks as you move away! The orc hits you with a +3 morningstar!
You die...

#............ ..# #.#.###...#
#.#.# #.# #.#.?.....#####.#.#
#.# .....B....##....#.# #.#
..........##....#.# #.#
#.........##....#.# #.#
.......†#.##...†#.# #.#
#.....#.#.##.B..#.###.########
[.............#o@.............
...#..#.#.#.#'###.###.#.######
#..#..###.#.....#.# #.#.#
##.#..# #.#.....#.# #.#.# #..#
#.#.....#.# #.#.# #..
..#.....#.# #.#.# .##.....#.#
#.#.# . #.....#.###.#.##### .#
...................


You could see an orc and a giant cockroach.

Vanquished Creatures
  2 adders (D:2)
  A dart slug (D:1)
  6 ball pythons
  7 endoplasms
  5 giant cockroaches
  A goblin (D:2)
  4 hobgoblins
  7 jackals (D:1)
  2 quokkas
  4 bats (D:1)
  2 frilled lizards (D:2)
  3 kobolds
  3 rats
47 creatures vanquished.

Notes
Turn   | Place    | Note
-------+----------+-------------------------------------------
     0 | D:1      | Dittersdorf the Gargoyle Fighter began the quest for the
                  | Orb.
     0 | D:1      | Reached XP level 1. HP: 14/14 MP: 1/1
    66 | D:1      | Reached XP level 2. HP: 19/19 MP: 2/2
   227 | D:1      | Reached XP level 3. HP: 20/23 MP: 3/3
   406 | D:1      | Found Nimiuwuo's Armour Boutique.
   851 | D:2      | Reached XP level 4. HP: 28/29 MP: 4/4
  1400 | D:3      | Mangled by an orc

Illustrated notes

Levels and vault maps discovered:
D:1:      dpeg_arrival_long_road, layout_rooms, serial_shops, shop,
          serial_bayou_pond_b, nicolae_titane
D:2:      layout_loops_ring
D:3:      layout_basic, nicolae_eternal_life

Skill      XL: |  1  2  3  4 |
---------------+-------------+-----
Shields        | 4 |  4.0
Armour         | 4 |  4.0
Fighting       | |  3.8
Maces & Flails | |  2.7

Action                     |  1- 3 |  4- 6 || total
---------------------------+-------+-------++-------
  Melee: Flail             |   129 |    36 ||   165
 Armour: Scale mail        |    73 |    12 ||    85
  Dodge: Dodged            |    65 |    24 ||    89
  Block: Buckler           |    26 |    15 ||    41

Table legend: (Time is in decaauts)
 A = Elapsed time spent in this place.
 B = Non-inter-level travel time spent in this place.
 C = Inter-level travel time spent in this place.
 D = Time resting spent in this place.
 E = Time spent auto-exploring this place.
 F = Levels seen in this place.
 G = Mean time per level.
                   A        B        C        D        E       F      G
               +--------+--------+--------+--------+--------+-----+--------+
         Total |   1455 |   1411 |     44 |      0 |   1035 |   3 |  485.0 |
       Dungeon |   1455 |   1411 |     44 |      0 |   1035 |   3 |  485.0 |
               +--------+--------+--------+--------+--------+-----+--------+

Top non-repeatable levels by time:
     D:2: 714 daAuts
     D:1: 548 daAuts
     D:3: 192 daAuts
